NWL (28 & UNDER)
MENLO MANIACS @ RED DEER WRANGLERS
07/26/2030
 
TOP OF THE 1ST
Menlo Maniacs batting - Pitching for Red Deer Wranglers : RHP Sloan Numbers
Pitching: RHP Sloan Numbers
Batting: LHB Tim Ramsey 0-0: Ball
1-0: Ball
2-0: Ball
3-0: Base on Balls
Batting: RHB William Rogers 0-0: Hit by Pitch
Tim Ramsey to second
Batting: LHB Dave Lee 0-0: Called Strike
0-1: Ball
1-1: SINGLE (Line Drive, 4M)
Tim Ramsey to third
William Rogers to second
Batting: LHB Marcos Vázquez 0-0: Ball
Wild Pitch!
Tim Ramsey scores
William Rogers to third
Dave Lee to second
1-0: Fly out, F8 (Flyball, 8RM)
Runner from 3rd tags up, SCORES, throw made
Batting: RHB Luis Ramírez 0-0: Ball
1-0: Swinging Strike
1-1: Foul Ball, location: 2F
1-2: Foul Ball, location: 2F
1-2: Hit by Pitch
Batting: RHB José Méndez 0-0: Swinging Strike
0-1: Ball
1-1: Foul Ball, location: 2F
1-2: Strikes out looking
Batting: RHB Jason Patrick 0-0: Ball
1-0: Called Strike
1-1: Ball
2-1: Swinging Strike
2-2: Foul Ball, location: 2F
2-2: Foul Ball, location: 2F
2-2: SINGLE (Line Drive, 34D)
Dave Lee to third
Luis Ramírez to second
Batting: RHB Miguel González 0-0: Ball
1-0: Ball
2-0: Ball
3-0: Base on Balls
Dave Lee scores
Luis Ramírez to third
Jason Patrick to second
Batting: RHB Glenn Carter 0-0: Ground out 4-3 (Groundball, 4D)
Top of the 1st over - 3 runs, 2 hits, 0 errors, 3 left on base; Menlo 3 - Red Deer 0
BOTTOM OF THE 1ST
Red Deer Wranglers batting - Pitching for Menlo Maniacs : RHP Daniel Betteridge
Pitching: RHP Daniel Betteridge
Batting: LHB Francisco Blanco 0-0: Ball
1-0: SINGLE (Line Drive, 78S)
Batting: RHB Julián García 0-0: Ball
1-0: Ball
2-0: Ball
3-0: Called Strike
3-1: Grounds into double play, 6-4-3 (Groundball, 6)
Batting: RHB Valentín Reyes 0-0: Ball
1-0: Ball
2-0: Ball
3-0: Called Strike
3-1: SINGLE (Groundball, 56D)
Batting: RHB Steve Burton 0-0: Ball
1-0: Fly out, F7 (Flyball, 78S)
Bottom of the 1st over - 0 runs, 2 hits, 0 errors, 1 left on base; Menlo 3 - Red Deer 0
TOP OF THE 2ND
Menlo Maniacs batting - Pitching for Red Deer Wranglers : RHP Sloan Numbers
Batting: LHB Tim Ramsey 0-0: Called Strike
0-1: Called Strike
0-2: Ball
1-2: Foul Ball, location: 2F
1-2: Ground out 4-3 (Groundball, 4)
Batting: RHB William Rogers 0-0: Ball
1-0: Ball
2-0: Ball
3-0: Base on Balls
Batting: LHB Dave Lee 0-0: Ball
1-0: Called Strike
1-1: Fielders Choice at 2nd, 1-6 (Groundball, 13)
Batting: LHB Marcos Vázquez 0-0: Foul Ball, location: 2F
0-1: Ball
1-1: Ball
2-1: Swinging Strike
2-2: Strikes out looking
Top of the 2nd over - 0 runs, 0 hits, 0 errors, 1 left on base; Menlo 3 - Red Deer 0
BOTTOM OF THE 2ND
Red Deer Wranglers batting - Pitching for Menlo Maniacs : RHP Daniel Betteridge
Batting: LHB Jorge Olvera 0-0: Foul Ball, location: 2F
0-1: Foul Ball, location: 2F
0-2: Ball
1-2: Fly out, F5 (Line Drive, 56)
Batting: RHB Ben Fisher 0-0: Ball
1-0: Ball
2-0: Ball
3-0: Called Strike
3-1: Fly out, F8 (Line Drive, 8LM)
Batting: LHB Rubén Salazar 0-0: SINGLE (Groundball, 34S) (infield hit)
Batting: LHB Héctor Santos 0-0: Swinging Strike
0-1: Ball
1-1: Foul Ball, location: 2F
1-2: Ball
Throwing error on steal attempt, E2
Rubén Salazar to third
2-2: Fly out, F9 (Flyball, 9S)
Bottom of the 2nd over - 0 runs, 1 hit, 1 error, 1 left on base; Menlo 3 - Red Deer 0
TOP OF THE 3RD
Menlo Maniacs batting - Pitching for Red Deer Wranglers : RHP Sloan Numbers
Batting: RHB Luis Ramírez 0-0: Foul Ball, location: 2F
0-1: Foul Ball, location: 2F
0-2: Ball
1-2: Ground out 5-3 (Groundball, 56S)
Batting: RHB José Méndez 0-0: Ball
1-0: Swinging Strike
1-1: Fly out, F7 (Flyball, 78M)
Batting: RHB Jason Patrick 0-0: Foul Ball, location: 2F
0-1: Ball
1-1: Foul Ball, location: 2F
1-2: Ball
2-2: Strikes out swinging
Top of the 3rd over - 0 runs, 0 hits, 0 errors, 0 left on base; Menlo 3 - Red Deer 0
BOTTOM OF THE 3RD
Red Deer Wranglers batting - Pitching for Menlo Maniacs : RHP Daniel Betteridge
Batting: RHB Ricardo González 0-0: SINGLE (Groundball, 4MS) (infield hit)
Batting: LHB Francisco Blanco 0-0: Called Strike
0-1: Foul Ball, location: 2F
0-2: Ball
1-2: Foul Ball, location: 2F
1-2: Grounds into double play, 5-4-3 (Groundball, 56)
Batting: RHB Julián García 0-0: Ball
1-0: Foul Ball, location: 2F
1-1: Ball
2-1: Swinging Strike
2-2: Foul Ball, location: 2F
2-2: Foul Ball, location: 2F
2-2: Ball
3-2: SINGLE (Line Drive, 56)
Batting: RHB Valentín Reyes 0-0: Ball
1-0: Called Strike
1-1: Ball
2-1: Foul Ball, location: 2F
2-2: Foul Ball, location: 2F
2-2: Foul Ball, location: 2F
2-2: Foul Ball, location: 2F
2-2: Ball
3-2: Strikes out swinging
Bottom of the 3rd over - 0 runs, 2 hits, 0 errors, 1 left on base; Menlo 3 - Red Deer 0
TOP OF THE 4TH
Menlo Maniacs batting - Pitching for Red Deer Wranglers : RHP Sloan Numbers
Batting: RHB Miguel González 0-0: Ball
1-0: Ball
2-0: Ground out 5-3 (Groundball, 56)
Batting: RHB Glenn Carter 0-0: Foul Ball, location: 2F
0-1: Ball
1-1: Ball
2-1: Ground out 4-3 (Groundball, 4S)
Batting: LHB Tim Ramsey 0-0: Foul Ball, location: 2F
0-1: Ball
1-1: Swinging Strike
1-2: Ball
2-2: Ground out 6-3 (Groundball, 6)
Top of the 4th over - 0 runs, 0 hits, 0 errors, 0 left on base; Menlo 3 - Red Deer 0
BOTTOM OF THE 4TH
Red Deer Wranglers batting - Pitching for Menlo Maniacs : RHP Daniel Betteridge
Batting: RHB Steve Burton 0-0: Ball
1-0: Ball
2-0: Ball
3-0: Called Strike
3-1: Foul Ball, location: 2F
3-2: SINGLE (Groundball, 6MD)
Batting: LHB Jorge Olvera 0-0: Swinging Strike
0-1: Swinging Strike
0-2: Strikes out swinging
Batting: RHB Ben Fisher 0-0: Ball
1-0: Foul Ball, location: 2F
1-1: Reached on error, E6 (Line Drive, 6)
Steve Burton to second
Batting: LHB Rubén Salazar 0-0: Ball
1-0: Called Strike
1-1: Called Strike
1-2: Fielders Choice at 2nd, 4-6 (Groundball, 4)
Steve Burton to third
Batting: LHB Héctor Santos 0-0: Ball
1-0: Called Strike
1-1: Ball
2-1: Ball
3-1: Fly out, F7 (Flyball, 78M)
Bottom of the 4th over - 0 runs, 1 hit, 1 error, 2 left on base; Menlo 3 - Red Deer 0
TOP OF THE 5TH
Menlo Maniacs batting - Pitching for Red Deer Wranglers : RHP Sloan Numbers
Batting: RHB William Rogers 0-0: Swinging Strike
0-1: Ball
1-1: Ground out 5-3 (Groundball, 25)
Batting: LHB Dave Lee 0-0: Ball
1-0: Foul Ball, location: 2F
1-1: Swinging Strike
1-2: Ball
2-2: Fly out, F7 (Flyball, 7S)
Batting: LHB Marcos Vázquez 0-0: Foul Ball, location: 2F
0-1: Ball
1-1: Swinging Strike
1-2: Ball
2-2: Ball
3-2: SINGLE (Groundball, P) (infield hit)
Batting: RHB Luis Ramírez 0-0: Foul Ball, location: 2F
0-1: Foul Ball, location: 2F
0-2: Ball
1-2: Ball
2-2: Hit by Pitch
Marcos Vázquez to second
Batting: RHB José Méndez 0-0: Ball
1-0: Swinging Strike
1-1: Called Strike
1-2: Ball
2-2: Ball
3-2: Strikes out looking
Top of the 5th over - 0 runs, 1 hit, 0 errors, 2 left on base; Menlo 3 - Red Deer 0
BOTTOM OF THE 5TH
Red Deer Wranglers batting - Pitching for Menlo Maniacs : RHP Daniel Betteridge
Batting: RHB Ricardo González 0-0: Called Strike
0-1: Called Strike
0-2: Ball
1-2: Ball
2-2: Ball
3-2: Strikes out swinging
Batting: LHB Francisco Blanco 0-0: Ball
1-0: Foul Ball, location: 2F
1-1: Swinging Strike
1-2: Ball
2-2: Ground out 1-3 (Groundball, P)
Batting: RHB Julián García 0-0: Swinging Strike
0-1: Foul Ball, location: 2F
0-2: Foul Ball, location: 2F
0-2: Ball
1-2: Ball
2-2: Ball
3-2: Foul Ball, location: 2F
3-2: Foul Ball, location: 2F
3-2: Foul Ball, location: 2F
3-2: Fly out, F7 (Flyball, 7S)
Bottom of the 5th over - 0 runs, 0 hits, 0 errors, 0 left on base; Menlo 3 - Red Deer 0
TOP OF THE 6TH
Menlo Maniacs batting - Pitching for Red Deer Wranglers : RHP Sloan Numbers
Pitching: RHP Matt Taylor
Batting: RHB Jason Patrick 0-0: Ball
1-0: Ball
2-0: Called Strike
2-1: Called Strike
2-2: Fly out, F7 (Flyball, 7D)
Batting: RHB Miguel González 0-0: Called Strike
0-1: Foul Ball, location: 2F
0-2: Ball
1-2: Ball
2-2: Strikes out swinging
Batting: RHB Glenn Carter 0-0: SINGLE (Flyball, 78M)
Batting: LHB Tim Ramsey 0-0: Ball
1-0: Ball
2-0: DOUBLE (Flyball, 8RXD)
Glenn Carter to third
Runner from 3rd tries for Home, SAFE, no throw
Batting: RHB William Rogers 0-0: Ball
1-0: Ball
2-0: Ball
3-0: Base on Balls
Batting: LHB Dave Lee 0-0: Called Strike
Throwing error on steal attempt, E2
Tim Ramsey scores
William Rogers to third
0-1: Fly out, F8 (Line Drive, 8LD)
Top of the 6th over - 2 runs, 2 hits, 1 error, 1 left on base; Menlo 5 - Red Deer 0
BOTTOM OF THE 6TH
Red Deer Wranglers batting - Pitching for Menlo Maniacs : RHP Daniel Betteridge
Batting: RHB Valentín Reyes 0-0: Ground out 5-3 (Groundball, 56S)
Batting: RHB Steve Burton 0-0: Called Strike
0-1: Called Strike
0-2: Strikes out swinging
Batting: LHB Jorge Olvera 0-0: Called Strike
0-1: Foul Ball, location: 2F
0-2: Ball
1-2: Foul Ball, location: 2F
1-2: Ball
2-2: Ground out 5-3 (Groundball, 56)
Bottom of the 6th over - 0 runs, 0 hits, 0 errors, 0 left on base; Menlo 5 - Red Deer 0
TOP OF THE 7TH
Menlo Maniacs batting - Pitching for Red Deer Wranglers : RHP Matt Taylor
Batting: LHB Marcos Vázquez 0-0: Called Strike
0-1: Ball
1-1: Foul Ball, location: 2F
1-2: Ball
2-2: Ball
3-2: Strikes out swinging
Batting: RHB Luis Ramírez 0-0: Called Strike
0-1: Foul Ball, location: 2F
0-2: Strikes out looking
Batting: RHB José Méndez 0-0: Called Strike
0-1: Ball
1-1: Foul Ball, location: 2F
1-2: Foul Ball, location: 2F
1-2: Strikes out swinging
Top of the 7th over - 0 runs, 0 hits, 0 errors, 0 left on base; Menlo 5 - Red Deer 0
BOTTOM OF THE 7TH
Red Deer Wranglers batting - Pitching for Menlo Maniacs : RHP Daniel Betteridge
Batting: RHB Ben Fisher 0-0: Ball
1-0: Ball
2-0: Called Strike
2-1: Ball
3-1: Foul Ball, location: 2F
3-2: Foul Ball, location: 2F
3-2: Strikes out looking
Batting: LHB Rubén Salazar 0-0: Ball
1-0: Ball
2-0: SINGLE (Groundball, 6MS) (infield hit)
Batting: LHB Héctor Santos 0-0: Ball
1-0: Grounds into double play, 4-6-3 (Groundball, 34)
Bottom of the 7th over - 0 runs, 1 hit, 0 errors, 0 left on base; Menlo 5 - Red Deer 0
TOP OF THE 8TH
Menlo Maniacs batting - Pitching for Red Deer Wranglers : RHP Matt Taylor
Batting: RHB Jason Patrick 0-0: Foul Ball, location: 2F
0-1: Called Strike
0-2: Strikes out swinging
Batting: RHB Miguel González 0-0: Called Strike
0-1: Called Strike
0-2: Strikes out looking
Batting: RHB Glenn Carter 0-0: Foul Ball, location: 2F
0-1: Ball
1-1: Called Strike
1-2: Ball
2-2: Strikes out swinging
Top of the 8th over - 0 runs, 0 hits, 0 errors, 0 left on base; Menlo 5 - Red Deer 0
BOTTOM OF THE 8TH
Red Deer Wranglers batting - Pitching for Menlo Maniacs : RHP Daniel Betteridge
Now at 1B: Tristan Walker
Batting: RHB Ricardo González 0-0: Called Strike
0-1: Ball
1-1: Swinging Strike
1-2: Ball
2-2: Foul Ball, location: 2F
2-2: Foul Ball, location: 2F
2-2: Ball
3-2: Strikes out looking
Pitching: RHP Wayne Todd
Batting: LHB Francisco Blanco 0-0: SINGLE (Line Drive, 9S)
Batting: RHB Julián García 0-0: Grounds into double play, 6-4-3 (Groundball, 6)
Bottom of the 8th over - 0 runs, 1 hit, 0 errors, 0 left on base; Menlo 5 - Red Deer 0
TOP OF THE 9TH
Menlo Maniacs batting - Pitching for Red Deer Wranglers : RHP Matt Taylor
Batting: LHB Tim Ramsey 0-0: Called Strike
0-1: Swinging Strike
0-2: Strikes out swinging
Batting: RHB William Rogers 0-0: Swinging Strike
0-1: Ball
1-1: Ball
2-1: SINGLE (Line Drive, 4M)
Batting: LHB Dave Lee 0-0: Ball
Wild Pitch!
William Rogers to second
1-0: Called Strike
1-1: Called Strike
1-2: Strikes out swinging
Batting: LHB Marcos Vázquez 0-0: Ball
1-0: Called Strike
1-1: Swinging Strike
1-2: Strikes out looking
Top of the 9th over - 0 runs, 1 hit, 0 errors, 1 left on base; Menlo 5 - Red Deer 0
BOTTOM OF THE 9TH
Red Deer Wranglers batting - Pitching for Menlo Maniacs : RHP Wayne Todd
Now in LF: Byron Bracy
Now in CF: Joe Smith
Batting: RHB Valentín Reyes 0-0: Called Strike
0-1: Ball
1-1: Ground out 6-3 (Groundball, 6)
Batting: RHB Steve Burton 0-0: Ball
1-0: Ball
2-0: Fly out, F7 (Flyball, 7S)
Batting: LHB Jorge Olvera 0-0: Ball
1-0: Ball
2-0: Called Strike
2-1: Ball
3-1: Called Strike
3-2: Foul Ball, location: 2F
3-2: Strikes out swinging
Bottom of the 9th over - 0 runs, 0 hits, 0 errors, 0 left on base; Menlo 5 - Red Deer 0
Saturday, April 7th, 2018 - OOTP Baseball 18.8 Build 76